[Event "ICC tourney 2605 (40 5)"]
[Site "Internet Chess Club"]
[Date "2021.06.12"]
[Round "1"]
[White "PETERSON, RYAN HARADA:K09-14901322"]
[Black "HALL, STEWART WILLIAM:K09-15065861"]
[Result "1-0"]
[ICCResult "Black resigns"]
[WhiteElo "2016"]
[BlackElo "1427"]
[Opening "Budapest: Rubinstein variation"]
[ECO "A52"]
[NIC "QG.01"]
[Time "11:16:36"]
[PlyCount "27"]
[TimeControl "2400+5"]

1. d4 Nf6 2. c4 e5 3. dxe5 Ng4 4. Bf4 Nc6 5. Nf3 Bc5 6. e3 f6 7. exf6 Qxf6
8. Nc3 Bb4 9. Rc1 O-O 10. Be2 b6 11. O-O Nge5 12. Nxe5 Nxe5 13. Qd5+ Nf7
14. Qxa8 { Black resigns } 1-0

[Event "ICC tourney 2605 (40 5)"]
[Site "Internet Chess Club"]
[Date "2021.06.12"]
[Round "1"]
[White "REISS, AIDEN:K09-16581243"]
[Black "MEI, AUSTIN R:K09-16090452"]
[Result "0-1"]
[ICCResult "White checkmated"]
[WhiteElo "1853"]
[BlackElo "2149"]
[Opening "Ruy Lopez: open, Dilworth variation"]
[ECO "C82"]
[NIC "RL.30"]
[Time "11:16:29"]
[PlyCount "56"]
[TimeControl "2400+5"]

1. e4 e5 2. Nf3 Nc6 3. Bb5 a6 4. Ba4 Nf6 5. O-O Nxe4 6. d4 b5 7. Bb3 d5 8.
dxe5 Be6 9. c3 Bc5 10. Nbd2 O-O 11. Bc2 Nxf2 12. Rxf2 f6 13. exf6 Bxf2+ 14.
Kxf2 Qxf6 15. Nf1 Ne5 16. Nd2 Ng4+ 17. Kg1 Ne3 18. Ne4 dxe4 19. Bxe3 exf3
20. Qd3 f2+ 21. Kf1 Bc4 22. Bb3 Bxb3 23. axb3 Rad8 24. Qe2 Rde8 25. Rd1 Qh4
26. h3 Qg3 27. Rd3 Qh2 28. Bxf2 Qh1# { White checkmated } 0-1

[Event "ICC tourney 2605 (40 5)"]
[Site "Internet Chess Club"]
[Date "2021.06.12"]
[Round "1"]
[White "SHRIGADI, ARYAN:K09-15491764"]
[Black "OH, JAMES Y:K09-15146868"]
[Result "0-1"]
[ICCResult "White checkmated"]
[WhiteElo "1454"]
[BlackElo "2034"]
[Opening "Sicilian defense"]
[ECO "B44"]
[NIC "SI.39"]
[Time "11:16:37"]
[PlyCount "50"]
[TimeControl "2400+5"]

1. e4 c5 2. Nf3 e6 3. d4 cxd4 4. Nxd4 Nc6 5. Be3 Nf6 6. Nc3 Qc7 7. Ndb5 Qb8
8. Nd4 Bb4 9. f3 d5 10. exd5 Nxd5 11. Nxc6 bxc6 12. Bd2 Bc5 13. Nxd5 cxd5
14. Bc3 f6 15. Be2 Qb6 16. Qd3 Bf2+ 17. Kd2 Bd7 18. Rad1 d4 19. Qe4 dxc3+
20. bxc3 Rb8 21. Rb1 Qd6+ 22. Bd3 Kf7 23. g4 Bc6 24. Qe2 Qf4+ 25. Kd1 Rxb1#
{ White checkmated } 0-1

[Event "ICC tourney 2605 (40 5)"]
[Site "Internet Chess Club"]
[Date "2021.06.12"]
[Round "1"]
[White "JIANG, NICHOLAS:K09-15273385"]
[Black "MULPURI, PARTHIV KUMAR:K09-16906012"]
[Result "1-0"]
[ICCResult "Black resigns"]
[WhiteElo "1985"]
[BlackElo "1006"]
[Opening "Giuoco Piano"]
[ECO "C53"]
[NIC "IG.02"]
[Time "11:16:07"]
[PlyCount "59"]
[TimeControl "2400+5"]

1. e4 e5 2. Nf3 Nc6 3. Bc4 Bc5 4. c3 d6 5. d3 Bg4 6. h3 Bh5 7. Nbd2 h6 8.
Nf1 Nf6 9. Ng3 Bg6 10. O-O Na5 11. Bb5+ Nc6 12. d4 exd4 13. cxd4 Bb6 14. d5
Qd7 15. Qa4 O-O 16. dxc6 bxc6 17. Bxc6 Qe6 18. Bxa8 Rxa8 19. Qb3 Qe7 20.
Be3 Nxe4 21. Bxb6 Nxg3 22. fxg3 axb6 23. Rfe1 Qd7 24. Rad1 Qc6 25. Rc1 Qd7
26. Kh2 Kh7 27. Nh4 Ra5 28. Nxg6 fxg6 29. a3 Rh5 30. Qe6 { Black resigns }
1-0

[Event "ICC tourney 2605 (40 5)"]
[Site "Internet Chess Club"]
[Date "2021.06.12"]
[Round "1"]
[White "CLEM, THOMAS:K09-15706482"]
[Black "SAMMONS, EVAN:K09-16792076"]
[Result "0-1"]
[ICCResult "White checkmated"]
[WhiteElo "891"]
[BlackElo "1966"]
[Opening "French: advance, Paulsen attack"]
[ECO "C02"]
[NIC "FR.03"]
[Time "11:16:01"]
[PlyCount "108"]
[TimeControl "2400+5"]

1. e4 e6 2. d4 d5 3. e5 c5 4. c3 Nc6 5. Nf3 Qb6 6. Na3 cxd4 7. cxd4 Bxa3 8.
bxa3 Nge7 9. Bd3 Qa5+ 10. Qd2 Qxd2+ 11. Bxd2 Nf5 12. Bb5 Bd7 13. Bc3 Nxe5
14. dxe5 Bxb5 15. Rb1 Bc6 16. O-O h6 17. g4 Ne7 18. Nd4 b6 19. Bb4 Bd7 20.
Bxe7 Kxe7 21. Rfc1 Rhc8 22. h3 g5 23. Nb5 Rxc1+ 24. Rxc1 Bxb5 25. Rc7+ Bd7
26. Kg2 Kd8 27. Rc2 Rc8 28. Rd2 Rc3 29. f3 Rxa3 30. Kg3 Bb5 31. h4 Bc4 32.
hxg5 hxg5 33. Rh2 Rxa2 34. Rh5 b5 35. Rxg5 b4 36. Rg8+ Ke7 37. g5 b3 38. g6
fxg6 39. Rxg6 b2 40. Rg7+ Kf8 41. Rb7 Bd3 42. Rb8+ Kf7 43. Rb7+ Kg6 44. f4
b1=Q 45. Rxb1 Bxb1 46. Kg4 Ra3 47. f5+ Bxf5+ 48. Kf4 Ra4+ 49. Ke3 d4+ 50.
Kd2 Kg5 51. Ke2 Kf4 52. Kd2 Ra2+ 53. Kc1 Ke3 54. Kd1 Ra1# { White
checkmated } 0-1

[Event "ICC tourney 2605 (40 5)"]
[Site "Internet Chess Club"]
[Date "2021.06.12"]
[Round "1"]
[White "SHUMAN, NATHANIEL LANDE:K09-14782020"]
[Black "LIM, TIMOTHY:K09-16139198"]
[Result "1-0"]
[ICCResult "Black resigns"]
[WhiteElo "2133"]
[BlackElo "1846"]
[Opening "Queen's pawn: London system"]
[ECO "A45"]
[NIC "QP.07"]
[Time "11:16:01"]
[PlyCount "41"]
[TimeControl "2400+5"]

1. d4 Nf6 2. Bf4 g6 3. Nc3 d5 4. e3 Bg7 5. h4 h5 6. Nf3 b6 7. Be2 Bb7 8.
Qd2 a6 9. Ne5 c5 10. Bf3 e6 11. O-O-O Nc6 12. Qe2 Qe7 13. Rhe1 Rc8 14. Nxc6
Bxc6 15. Be5 cxd4 16. exd4 Bb7 17. Bxd5 Nxd5 18. Nxd5 Bxd5 19. Bxg7 Rg8 20.
Be5 Bxa2 21. Qxa6 { Black resigns } 1-0

[Event "ICC tourney 2605 (40 5)"]
[Site "Internet Chess Club"]
[Date "2021.06.12"]
[Round "1"]
[White "MALLADI, SADKRITH:K09-15797710"]
[Black "LUO, TERRY:K09-15210186"]
[Result "0-1"]
[ICCResult "White checkmated"]
[WhiteElo "1897"]
[BlackElo "2232"]
[Opening "Sicilian: closed, 2...Nc6"]
[ECO "B23"]
[NIC "SI.44"]
[Time "11:16:04"]
[PlyCount "92"]
[TimeControl "2400+5"]

1. e4 c5 2. Nc3 Nc6 3. Bb5 Nd4 4. Nf3 a6 5. Bd3 Nc6 6. O-O g6 7. a4 Bg7 8.
Bc4 e6 9. d3 Nge7 10. Re1 O-O 11. e5 Nf5 12. Bf4 d5 13. exd6 Nxd6 14. Qe2
Nd4 15. Nxd4 cxd4 16. Ne4 Nxc4 17. dxc4 e5 18. Bg5 f6 19. Bd2 f5 20. Bg5
Qc7 21. Nd2 h6 22. Bh4 g5 23. Bg3 f4 24. Ne4 Bf5 25. b3 Qc6 26. f3 Bxe4 27.
fxe4 fxg3 28. hxg3 Rf7 29. Rf1 Raf8 30. Qg4 Qd7 31. Qe2 Rxf1+ 32. Rxf1
Rxf1+ 33. Kxf1 Bf8 34. Kg1 Bc5 35. Kh2 g4 36. Qd2 Qe7 37. Qxh6 Qh7 38. Qh4
a5 39. Kh1 Qxh4+ 40. gxh4 g3 41. h5 Kh7 42. h6 Kxh6 43. b4 axb4 44. a5 d3
45. a6 d2 46. axb7 d1=Q# { White checkmated } 0-1

[Event "ICC tourney 2605 (40 5)"]
[Site "Internet Chess Club"]
[Date "2021.06.12"]
[Round "1"]
[White "JUSTICE, DREW:K09-14561797"]
[Black "SAFRANEK, VEDA ROSE:K09-14975007"]
[Result "0-1"]
[ICCResult "White resigns"]
[WhiteElo "2037"]
[BlackElo "1681"]
[Opening "QGD: Ragozin variation"]
[ECO "D38"]
[NIC "NI.27"]
[Time "11:16:00"]
[PlyCount "70"]
[TimeControl "2400+5"]

1. d4 Nf6 2. c4 e6 3. Nf3 d5 4. Nc3 Bb4 5. cxd5 exd5 6. Bg5 h6 7. Bh4 Be6
8. e3 Nbd7 9. Bd3 c6 10. O-O Qc7 11. Rc1 a6 12. Qb3 Bd6 13. Rfe1 O-O 14.
Qc2 Bg4 15. Bg3 Bxf3 16. gxf3 Bxg3 17. fxg3 Rfe8 18. Bf5 Nf8 19. b4 Ne6 20.
Bxe6 fxe6 21. Qb3 Kh8 22. a4 e5 23. Nxd5 Qf7 24. dxe5 Rxe5 25. Qc3 Rxd5 26.
e4 Rdd8 27. Qe3 Rf8 28. f4 Rae8 29. e5 Nd5 30. Qc5 Qg6 31. Kh1 Qd3 32. Kg1
Qf3 33. b5 Nxf4 34. gxf4 Rxf4 35. Rc4 Qg4+ { White resigns } 0-1

[Event "ICC tourney 2605 (40 5)"]
[Site "Internet Chess Club"]
[Date "2021.06.12"]
[Round "1"]
[White "LU, JASON:K09-15264313"]
[Black "WU, WILLIAM:K09-15782241"]
[Result "0-1"]
[ICCResult "White resigns"]
[WhiteElo "2192"]
[BlackElo "1854"]
[Opening "Giuoco Piano: Anderssen variation"]
[ECO "C54"]
[NIC "IG.02"]
[Time "11:16:12"]
[PlyCount "62"]
[TimeControl "2400+5"]

1. e4 e5 2. Nf3 Nc6 3. Bc4 Bc5 4. c3 Nf6 5. d4 exd4 6. e5 d5 7. Bb5 Ne4 8.
cxd4 Bb4+ 9. Bd2 Nxd2 10. Nbxd2 O-O 11. Bxc6 bxc6 12. Rc1 Ba6 13. Qa4 Bxd2+
14. Kxd2 Bb5 15. Qa3 f6 16. Rhe1 fxe5 17. Rxe5 Qf6 18. Rce1 Qg6 19. Rg5
Rxf3 20. Qe7 Rxf2+ 21. Ke3 Re8 22. Qxe8+ Qxe8+ 23. Kxf2 Qf7+ 24. Kg3 h6 25.
Rg4 Bd3 26. h3 Be4 27. h4 Qf6 28. Rd1 g5 29. hxg5 hxg5 30. Kh2 Qh6+ 31. Kg3
Bf5 { White resigns } 0-1

[Event "ICC tourney 2605 (40 5)"]
[Site "Internet Chess Club"]
[Date "2021.06.12"]
[Round "1"]
[White "UPPATHIL, ADITHYA SATISH:K09-30062860"]
[Black "MOU, IRIS:K09-15794244"]
[Result "0-1"]
[ICCResult "White checkmated"]
[WhiteElo "1667"]
[BlackElo "2059"]
[Opening "Queen's gambit accepted"]
[ECO "D20"]
[NIC "QG.03"]
[Time "11:17:09"]
[PlyCount "84"]
[TimeControl "2400+5"]

1. d4 d5 2. c4 dxc4 3. e3 e5 4. Bxc4 exd4 5. exd4 Bd6 6. Qe2+ Qe7 7. Nc3
Nf6 8. Qxe7+ Kxe7 9. Nf3 Re8 10. O-O h6 11. Re1+ Kf8 12. Rxe8+ Nxe8 13. Bd2
a6 14. Re1 Nc6 15. Ne5 Bxe5 16. dxe5 Nd4 17. Re4 c5 18. Be3 Bf5 19. Rf4 g5
20. Rxf5 Nxf5 21. Bxc5+ Kg7 22. e6 fxe6 23. Bxe6 Kf6 24. Bd7 Rd8 25. Nd5+
Ke5 26. Bxe8 Rxe8 27. Ne3 Rc8 28. Nxf5 Rxc5 29. g4 h5 30. h3 hxg4 31. hxg4
Kf4 32. b4 Rc2 33. f3 Rxa2 34. Nd4 Kg3 35. Kf1 Rd2 36. Ne2+ Kxf3 37. Ke1
Rxe2+ 38. Kf1 Re3 39. b5 axb5 40. Kg1 Kg3 41. Kf1 Re4 42. Kg1 Re1# { White
checkmated } 0-1

[Event "ICC tourney 2605 (40 5)"]
[Site "Internet Chess Club"]
[Date "2021.06.12"]
[Round "1"]
[White "CHAKRAVARTY, ARITRO:K09-16061277"]
[Black "SINGH, HERSH:K09-15024326"]
[Result "0-1"]
[ICCResult "White resigns"]
[WhiteElo "1942"]
[BlackElo "2251"]
[Opening "Queen's gambit declined"]
[ECO "D30"]
[NIC "QP.08"]
[Time "11:16:51"]
[PlyCount "122"]
[TimeControl "2400+5"]

1. d4 d5 2. c4 e6 3. Nf3 Nf6 4. g3 Bb4+ 5. Bd2 Be7 6. Bg2 O-O 7. O-O c6 8.
Qc2 Nbd7 9. Nc3 dxc4 10. a4 Nd5 11. Na2 b5 12. e4 N5f6 13. Nc3 b4 14. Ne2
a5 15. Rfe1 Ba6 16. Rad1 Nb6 17. Bf4 b3 18. Qb1 Nxa4 19. Ne5 Rc8 20. d5
cxd5 21. exd5 exd5 22. Nd4 Bb7 23. Qa1 Nc5 24. Nxc4 Re8 25. Nf5 Nce4 26.
Nxa5 Qb6 27. Nxb7 Qxb7 28. Be3 Bb4 29. Re2 Ng4 30. Qa7 Qc6 31. Nd4 Qf6 32.
Nxb3 Qf5 33. f3 Nc5 34. fxg4 Qxg4 35. Rf1 Qxe2 36. Qxf7+ Kh8 37. Bxc5 Bxc5+
38. Nxc5 Qe3+ 39. Kh1 Qxc5 40. Qxd5 Qb4 41. Qb7 Rb8 42. Qxb4 Rxb4 43. Rf2
Reb8 44. Bf3 Rxb2 45. Kg2 Rxf2+ 46. Kxf2 Rb2+ 47. Kg1 g5 48. h4 h6 49. hxg5
hxg5 50. Kf1 Kg7 51. Be2 Kf6 52. Kf2 Ke5 53. Kf3 Kd4 54. Ba6 Ra2 55. Bc8
Ra5 56. Kg4 Ke3 57. Kh5 Kf3 58. g4 Kf4 59. Bf5 Rxf5 60. gxf5 Kxf5 61. Kh6
g4 { White resigns } 0-1

[Event "ICC tourney 2605 (40 5)"]
[Site "Internet Chess Club"]
[Date "2021.06.12"]
[Round "1"]
[White "BONDALAPATI, SRIVIBHAV:K09-16633657"]
[Black "VU, LEONARD:K09-15005368"]
[Result "0-1"]
[ICCResult "White checkmated"]
[WhiteElo "1101"]
[BlackElo "1990"]
[Opening "Sicilian: Alapin's variation (2.c3)"]
[ECO "B22"]
[NIC "SI.46"]
[Time "11:16:03"]
[PlyCount "58"]
[TimeControl "2400+5"]

1. e4 c5 2. c3 d6 3. d4 b6 4. Nf3 Bb7 5. Bb5+ Nd7 6. e5 a6 7. Bc4 dxe5 8.
dxe5 Bxf3 9. Qxf3 Nxe5 10. Bxf7+ Nxf7 11. Qc6+ Qd7 12. Qxa8+ Nd8 13. O-O e6
14. Qxa6 Nf6 15. Nd2 Bd6 16. Nf3 O-O 17. Qe2 Nc6 18. Re1 e5 19. Nd2 Qf5 20.
Qf3 Qd7 21. Rd1 e4 22. Qh3 Ng4 23. Rf1 Bxh2+ 24. Kh1 Rxf2 25. g3 Qf5 26. b3
e3 27. Ba3 Qd5+ 28. Ne4 Qxe4+ 29. Qg2 Qxg2# { White checkmated } 0-1

[Event "ICC tourney 2605 (40 5)"]
[Site "Internet Chess Club"]
[Date "2021.06.12"]
[Round "1"]
[White "MAHESHWARI, JAYANT:K09-14966376"]
[Black "FENTON, SETH AUSTIN:K09-15344035"]
[Result "1/2-1/2"]
[ICCResult "Game drawn by mutual agreement"]
[WhiteElo "2059"]
[BlackElo "1690"]
[Opening "Sicilian: Richter-Rauzer, Rauzer attack, 7...Be7"]
[ECO "B63"]
[NIC "SI.27"]
[Time "11:16:19"]
[PlyCount "38"]
[TimeControl "2400+5"]

1. e4 c5 2. Nf3 d6 3. d4 cxd4 4. Nxd4 Nf6 5. Nc3 Nc6 6. Bg5 e6 7. Qd2 Be7
8. O-O-O a6 9. f3 d5 10. Qe1 Nxd4 11. Rxd4 e5 12. Bxf6 exd4 13. Bxg7 Rg8
14. Bxd4 dxe4 15. Qxe4 Kf8 16. Bc4 Rg6 17. Re1 Be6 18. Nd5 Bxd5 19. Bxd5
Rb8 { Game drawn by mutual agreement } 1/2-1/2

[Event "ICC tourney 2605 (40 5)"]
[Site "Internet Chess Club"]
[Date "2021.06.12"]
[Round "1"]
[White "PAN, KEVIN:K09-14740822"]
[Black "ZHU, JENNY:K09-15942700"]
[Result "1-0"]
[ICCResult "Black checkmated"]
[WhiteElo "2260"]
[BlackElo "1959"]
[Opening "Sicilian: closed, Korchnoi variation"]
[ECO "B23"]
[NIC "SI.44"]
[Time "11:16:03"]
[PlyCount "65"]
[TimeControl "2400+5"]

1. e4 c5 2. Nc3 e6 3. g3 d5 4. Bg2 d4 5. Nce2 e5 6. d3 Nc6 7. f4 Nf6 8. Nf3
Bd6 9. O-O O-O 10. h3 b5 11. f5 Bb7 12. g4 c4 13. Ng3 Rc8 14. Bg5 Be7 15.
Bd2 Bc5 16. Kh2 Re8 17. Nh4 cxd3 18. cxd3 a5 19. g5 Nd7 20. Qh5 Nf8 21. g6
hxg6 22. fxg6 fxg6 23. Nxg6 Nxg6 24. Qxg6 Qd7 25. Nh5 Re6 26. Nf6+ Rxf6 27.
Rxf6 Rf8 28. Rxf8+ Bxf8 29. Rf1 Nb4 30. Bf3 Nxd3 31. Bg4 Qe7 32. Be6+ Kh8
33. Qh5# { Black checkmated } 1-0

[Event "ICC tourney 2605 (40 5)"]
[Site "Internet Chess Club"]
[Date "2021.06.12"]
[Round "1"]
[White "MAHAJAN, RUSHAAN:K09-15449416"]
[Black "SILVA, JAVIER:K09-16089208"]
[Result "1-0"]
[ICCResult "Black resigns"]
[WhiteElo "2209"]
[BlackElo "1864"]
[Opening "Réti: King's Indian attack"]
[ECO "A08"]
[NIC "QP.09"]
[Time "11:16:05"]
[PlyCount "119"]
[TimeControl "2400+5"]

1. Nf3 d5 2. g3 c5 3. Bg2 Nc6 4. d4 cxd4 5. Nxd4 Nf6 6. O-O e6 7. c4 Bc5 8.
Nb3 Bb6 9. Nc3 dxc4 10. Qxd8+ Nxd8 11. Nd2 Bd7 12. Nxc4 Bc7 13. Be3 O-O 14.
Rfd1 Bc6 15. Rac1 Bxg2 16. Kxg2 a6 17. Bc5 Re8 18. Nd6 Bxd6 19. Bxd6 Nc6
20. Na4 Rad8 21. Nc5 Nd5 22. Nxb7 Rd7 23. Rxc6 Rxb7 24. b3 a5 25. Rdc1 h6
26. Ra6 Rb5 27. e4 Nb4 28. Bxb4 axb4 29. Rc7 Rbb8 30. Raa7 Rf8 31. Kf3 Ra8
32. Ke3 Rxa7 33. Rxa7 Rd8 34. Ra4 Rb8 35. h4 e5 36. Ra5 f6 37. h5 Rc8 38.
Rb5 Rc2 39. Rxb4 Rxa2 40. Rb8+ Kf7 41. b4 Rb2 42. b5 g6 43. Rb7+ Kg8 44.
hxg6 Rb4 45. Kf3 h5 46. b6 Rb3+ 47. Kg2 Rb4 48. f3 Rb3 49. f4 exf4 50. gxf4
Rb4 51. Kf3 Rb3+ 52. Kf2 Rb4 53. f5 Rxe4 54. Rc7 Rf4+ 55. Kg3 Rxf5 56. b7
Rb5 57. Rc8+ Kg7 58. b8=Q Rxb8 59. Rxb8 Kxg6 60. Kh4 { Black resigns } 1-0

[Event "ICC tourney 2605 (40 5)"]
[Site "Internet Chess Club"]
[Date "2021.06.12"]
[Round "1"]
[White "LYU, ETHANTOBY:K09-16195991"]
[Black "KAPLAN, AVI HARRISON:K09-15263943"]
[Result "0-1"]
[ICCResult "White resigns"]
[WhiteElo "1838"]
[BlackElo "2116"]
[Opening "Queen's pawn game"]
[ECO "A45"]
[NIC "OI.08"]
[Time "11:16:10"]
[PlyCount "84"]
[TimeControl "2400+5"]

1. d4 Nf6 2. Nc3 c5 3. d5 d6 4. e4 g6 5. Bc4 Bg7 6. Bf4 O-O 7. Qd2 Qa5 8.
f3 Qb4 9. Bb3 b5 10. a3 Qa5 11. Nge2 Nbd7 12. O-O Ba6 13. Bh6 Rab8 14. Bxg7
Kxg7 15. Rfd1 Rfc8 16. Ng3 h6 17. Nce2 Qb6 18. Kh1 Ne5 19. c3 b4 20. axb4
Nd3 21. Nc1 Nxc1 22. Rdxc1 cxb4 23. c4 Nd7 24. h3 Ne5 25. Qe2 Rc5 26. f4
Nd7 27. Ba4 Nf6 28. b3 Qc7 29. Qe3 Qb6 30. Qf3 Bc8 31. e5 Nd7 32. e6 fxe6
33. dxe6 Nf6 34. f5 Bb7 35. Qd3 g5 36. Qe2 Re5 37. Qd1 Qf2 38. Nh5+ Nxh5
39. Rc2 Bxg2+ 40. Kh2 Qg3+ 41. Kg1 Bf3+ 42. Kf1 Bxd1 { White resigns } 0-1

[Event "ICC tourney 2605 (40 5)"]
[Site "Internet Chess Club"]
[Date "2021.06.12"]
[Round "1"]
[White "MUNDAYAT, ABINAV RAJIV:K09-15264747"]
[Black "KROTOV, DAMIAN:K09-17105641"]
[Result "1/2-1/2"]
[ICCResult "Game drawn by mutual agreement"]
[WhiteElo "2109"]
[BlackElo "1819"]
[Opening "Caro-Kann: anti-anti-Caro-Kann defense"]
[ECO "B10"]
[NIC "CK.01"]
[Time "11:16:10"]
[PlyCount "83"]
[TimeControl "2400+5"]

1. e4 c6 2. c4 d5 3. exd5 cxd5 4. cxd5 Nf6 5. Nc3 g6 6. Nf3 Bg7 7. Bc4 O-O
8. O-O Nbd7 9. d6 exd6 10. d4 Nb6 11. Bb3 d5 12. a4 Bf5 13. a5 Nc8 14. Bg5
Ne7 15. Re1 Be6 16. Ne5 h6 17. Bxf6 Bxf6 18. a6 b6 19. Qf3 Bg7 20. Nb5 Bd7
21. Nc3 Be6 22. Rac1 Rc8 23. Nb5 Bd7 24. Rxc8 Qxc8 25. Nd6 Qc7 26. Nexf7
Bc6 27. Qe3 Rxf7 28. Nxf7 Kxf7 29. Qe6+ Kf8 30. Rc1 Qf4 31. Rxc6 Nxc6 32.
Qxc6 Bxd4 33. Qc2 Qe4 34. Qd2 Kg7 35. Bd1 Qe5 36. g3 Bxb2 37. Bf3 Bc3 38.
Qc2 Bd4 39. Kg2 Bc5 40. Qa2 d4 41. Qc4 Qf5 42. Be2 { Game drawn by mutual
agreement } 1/2-1/2

[Event "ICC tourney 2605 (40 5)"]
[Site "Internet Chess Club"]
[Date "2021.06.12"]
[Round "1"]
[White "SCHOENBAUER, JAKE:K09-16875594"]
[Black "WISNIOWSKI, NATALIE:K09-15702390"]
[Result "0-1"]
[ICCResult "White checkmated"]
[WhiteElo "1299"]
[BlackElo "2006"]
[Opening "Sicilian: closed"]
[ECO "B23"]
[NIC "SI.44"]
[Time "11:16:06"]
[PlyCount "66"]
[TimeControl "2400+5"]

1. e4 c5 2. Nc3 a6 3. f4 e6 4. Nf3 d5 5. d4 cxd4 6. Qxd4 Nc6 7. Qf2 Nf6 8.
exd5 exd5 9. Be3 Bb4 10. Bd3 O-O 11. Bd2 Re8+ 12. Ne2 Ne4 13. Bxe4 dxe4 14.
O-O-O Bxd2+ 15. Rxd2 Qa5 16. Qe3 Qxa2 17. Nc3 Qa1+ 18. Nb1 Be6 19. Ng5 Ba2
20. Kd1 Qxb1+ 21. Ke2 Bc4+ 22. Kf2 Qxh1 23. Qh3 h6 24. Rd4 Qf1+ 25. Kg3
hxg5 26. fxg5 Qe1+ 27. Kg4 Be6+ 28. Kf4 Qf2+ 29. Qf3 exf3 30. gxf3 Qxd4+
31. Kg3 Qxb2 32. f4 Qc3+ 33. Kh4 Qh3# { White checkmated } 0-1

[Event "ICC tourney 2605 (40 5)"]
[Site "Internet Chess Club"]
[Date "2021.06.12"]
[Round "1"]
[White "HUSTON, GUS:K09-14921551"]
[Black "MARTIN, DREW:K09-16062286"]
[Result "1-0"]
[ICCResult "Black resigns"]
[WhiteElo "2243"]
[BlackElo "1903"]
[Opening "Two knights defense (Modern bishop's opening)"]
[ECO "C55"]
[NIC "IG.01"]
[Time "11:16:04"]
[PlyCount "111"]
[TimeControl "2400+5"]

1. e4 e5 2. Nf3 Nc6 3. Bc4 Nf6 4. d3 Be7 5. O-O O-O 6. Re1 d6 7. c3 h6 8.
Nbd2 Be6 9. Nf1 Na5 10. Bb5 c6 11. Ba4 b5 12. Bc2 Re8 13. h3 c5 14. Ng3 Rc8
15. d4 cxd4 16. cxd4 exd4 17. Nxd4 Bd7 18. Bf4 Nc4 19. b3 Ne5 20. Be3 a6
21. Rc1 Bf8 22. Bb1 Rxc1 23. Bxc1 Nc6 24. Bb2 Nxd4 25. Qxd4 Bc6 26. f4 Qa8
27. Kh2 Qd8 28. Re2 Ng4+ 29. Kg1 Nf6 30. Nf5 d5 31. e5 Ne4 32. Kh2 Bc5 33.
Qd3 Qb6 34. Bd4 Bxd4 35. Nxd4 Bb7 36. Nf5 Qg6 37. Nd6 Nxd6 38. exd6 Bc6 39.
Rxe8+ Bxe8 40. Qxg6 fxg6 41. Bxg6 Kf8 42. Bf5 Bc6 43. g4 d4 44. Kg3 a5 45.
Kf2 b4 46. h4 a4 47. bxa4 Bxa4 48. Be6 Bb5 49. g5 hxg5 50. hxg5 Bd3 51. f5
Be4 52. d7 Ke7 53. f6+ gxf6 54. gxf6+ Kxe6 55. d8=Q Kf5 56. f7 { Black
resigns } 1-0

[Event "ICC tourney 2605 (40 5)"]
[Site "Internet Chess Club"]
[Date "2021.06.12"]
[Round "1"]
[White "RAJARAM, ANIKA:K09-15446678"]
[Black "SETHURAMAN, SANDEEP:K09-15472832"]
[Result "0-1"]
[ICCResult "White checkmated"]
[WhiteElo "1858"]
[BlackElo "2194"]
[Opening "QGD Slav: 3.Nf3"]
[ECO "D11"]
[NIC "SL.01"]
[Time "11:16:06"]
[PlyCount "142"]
[TimeControl "2400+5"]

1. d4 d5 2. c4 c6 3. Nf3 Nf6 4. Qb3 e6 5. g3 dxc4 6. Qxc4 b5 7. Qc2 Bb7 8.
Bg2 Nbd7 9. O-O c5 10. dxc5 Bxc5 11. e3 Rc8 12. Qe2 b4 13. Rd1 Qc7 14. Nbd2
O-O 15. Nb3 Be7 16. Nbd4 Rfd8 17. Bd2 Be4 18. Rac1 Qb7 19. Rxc8 Rxc8 20.
Rc1 Rxc1+ 21. Bxc1 e5 22. Nb3 Qc6 23. h3 a5 24. Qd1 Qa4 25. Nfd2 Bxg2 26.
Kxg2 Qxa2 27. Qc2 a4 28. Qc8+ Nf8 29. Qc7 N8d7 30. Na5 Qd5+ 31. Kg1 Bf8 32.
Qd8 Nc5 33. Qc8 Nd3 34. Nc6 Qd7 35. Qxd7 Nxd7 36. b3 a3 37. Bxa3 bxa3 38.
b4 a2 39. Nb3 Nxb4 40. Nxb4 Bxb4 41. Kf1 Bc3 42. Ke2 a1=Q 43. Nxa1 Bxa1 44.
Kd3 Kf8 45. Ke4 g6 46. f4 exf4 47. exf4 Ke7 48. g4 h5 49. gxh5 Nf6+ 50. Kf3
Nxh5 51. Kg4 Kf6 52. f5 gxf5+ 53. Kxh5 Ke5 54. Kg5 Bc3 55. h4 Bd2+ 56. Kh5
Kf4 57. Kh6 Kg4+ 58. Kg7 Kxh4 59. Kxf7 f4 60. Ke6 f3 61. Kd5 f2 62. Kd4
f1=Q 63. Kd5 Qd3+ 64. Ke5 Kg4 65. Kf6 Bc3+ 66. Ke6 Kf4 67. Kf7 Kf5 68. Ke7
Bb4+ 69. Kf7 Qd7+ 70. Kg8 Kg6 71. Kh8 Qe8# { White checkmated } 0-1

[Event "ICC tourney 2605 (40 5)"]
[Site "Internet Chess Club"]
[Date "2021.06.12"]
[Round "1"]
[White "HU, MERRIC:K09-14686967"]
[Black "COLOMBO, DOMINIC:K09-14933967"]
[Result "1/2-1/2"]
[ICCResult "Game drawn by mutual agreement"]
[WhiteElo "2275"]
[BlackElo "1960"]
[Opening "Sicilian defense"]
[ECO "B20"]
[NIC "SI.48"]
[Time "11:16:08"]
[PlyCount "104"]
[TimeControl "2400+5"]

1. e4 c5 2. b3 Nf6 3. e5 Nd5 4. Bb2 e6 5. Nf3 a6 6. a4 d6 7. exd6 Qxd6 8.
Na3 Nd7 9. Nc4 Qc7 10. g3 N7f6 11. Bg2 Be7 12. O-O O-O 13. a5 Bd7 14. Re1
Bc6 15. Nfe5 Be8 16. Qe2 Rd8 17. Rad1 Nb4 18. d4 Nbd5 19. Nd3 Bb5 20. dxc5
Bxc5 21. Be5 Qc8 22. Bxf6 Nxf6 23. Nxc5 Qxc5 24. Bxb7 Nd5 25. Qg4 Nc3 26.
Rxd8 Rxd8 27. Qf3 Qb4 28. Re3 Nd1 29. Rd3 Rxd3 30. Qxd3 Qe1+ 31. Qf1 Qxf1+
32. Kxf1 Nb2 33. Ke2 Bxc4+ 34. bxc4 Nxc4 35. Bxa6 Nxa5 36. Ke3 Kf8 37. Kd4
Nc6+ 38. Kc5 Ne5 39. Kd6 Ng4 40. c4 Nxf2 41. Bb7 Nd3 42. c5 Nxc5 43. Kxc5
h5 44. h4 g5 45. hxg5 Kg7 46. Be4 f5 47. gxf6+ Kxf6 48. Kd4 Kg5 49. Bf3 h4
50. g4 Kf4 51. Be4 Kxg4 52. Ke5 Kg3 { Game drawn by mutual agreement }
1/2-1/2

[Event "ICC tourney 2605 (40 5)"]
[Site "Internet Chess Club"]
[Date "2021.06.12"]
[Round "1"]
[White "MENON, GAURI:K09-15187152"]
[Black "ZONG, DAVIS:K09-14980186"]
[Result "0-1"]
[ICCResult "White checkmated"]
[WhiteElo "1960"]
[BlackElo "2270"]
[Opening "Réti: King's Indian attack, Yugoslav variation"]
[ECO "A05"]
[NIC "QP.11"]
[Time "11:16:07"]
[PlyCount "130"]
[TimeControl "2400+5"]

1. Nf3 Nf6 2. g3 d5 3. Bg2 c6 4. O-O Bg4 5. d4 e6 6. Nbd2 Be7 7. c4 O-O 8.
b3 Nbd7 9. Bb2 Rc8 10. Rc1 Qa5 11. a3 Rfd8 12. b4 Qc7 13. Qb3 Ne4 14. Nxe4
dxe4 15. Nd2 Bxe2 16. Rfe1 Bh5 17. Nxe4 Qb8 18. Nc3 Bf8 19. d5 exd5 20.
cxd5 Ne5 21. Na4 Re8 22. dxc6 Nxc6 23. b5 Rxe1+ 24. Rxe1 Na5 25. Qd5 Bg6
26. Be5 Qa8 27. b6 Nc6 28. Bc7 Re8 29. Rxe8 Qxe8 30. bxa7 Nxa7 31. Nb6 Nc6
32. a4 Qe1+ 33. Bf1 Nb4 34. Qe5 Qb1 35. Nc4 Bd3 36. Ne3 Nc2 37. Qc3 Bxf1
38. Nxf1 Nb4 39. Be5 Qe4 40. Ne3 Nc6 41. Bc7 Qxa4 42. Kg2 Qe4+ 43. f3 Qe6
44. Bb6 Bb4 45. Qd3 g6 46. Nc4 Bf8 47. Ne3 Ne5 48. Qd4 Qa2+ 49. Kf1 Nxf3
50. h4 Nxd4 51. Bxd4 Qb1+ 52. Ke2 Qe4 53. Bb2 Bc5 54. Kd2 Qxe3+ 55. Kc2 Kf8
56. Kb1 Qd3+ 57. Ka2 Ke7 58. g4 Kd6 59. g5 Kd5 60. h5 Kc4 61. hxg6 hxg6 62.
Ba1 Qc2+ 63. Bb2 Bd4 64. Ka3 Qxb2+ 65. Ka4 Qb4# { White checkmated } 0-1